 Dungeon Crawl Stone Soup version bcrawl-1.12.2 (webtiles) character file.

Game seed: 7758635509119615696

179 Ebbett the Skirmisher (level 5, 0/44 HPs)
             Began as a Demonspawn Chaos Knight on July 24, 2019.
             Was a Plaything of Xom.
             Succumbed to an adder's poison
             ... on level 3 of the Dungeon.
             The game lasted 00:03:55 (1677 turns).

Ebbett the Skirmisher (Demonspawn Chaos Knight)     Turns: 1677, Time: 00:03:55

Health: 0/44       AC:  8    Str: 13    XL:     5   Next: 32%
Magic:  5/5        EV: 11    Int: 14    God:    Xom [...*..]
Gold:   213        SH:  0    Dex: 12    Spells: 4/4 levels left

rFire    . . .     SeeInvis .   a - +0 hand axe (chaos)
rCold    . . .     Gourm    .   (no shield)
rNeg     . . .     Faith    .   b - +2 leather armour
rPois    .         Spirit   .   d - +0 helmet
rElec    .         Reflect  .   j - +0 cloak
rCorr    .         Harm     .   (no gloves)
MR       .....                  (no boots)
Stlth    +.........             (no amulet)
HPRegen  0.14/turn              (no ring)
MPRegen  0.09/turn              (no ring)

@: lethally poisoned (0 -> -1)
A: rugged brown scales 1, spiny 1
a: Renounce Religion


You were on level 3 of the Dungeon.
You worshipped Xom.
You were a favourite toy of Xom.
You were hungry.

You visited 1 branch of the dungeon, and saw 3 of its levels.

You collected 213 gold pieces.

Inventory:

Hand Weapons
 a - a +0 hand axe of chaos (weapon)
Armour
 b - a +2 leather armour (worn)
 d - a +0 helmet (worn)
 j - a +0 cloak (worn)
Scrolls
 e - 3 scrolls of amnesia {unknown}
 h - 3 scrolls of identify {unknown}
 i - a scroll of teleportation {unknown}
 m - a scroll of fog {unknown}
 n - a scroll of immolation {unknown}
Potions
 f - a potion of curing
 g - 2 potions of brilliance {unknown}
 l - 2 potions of agility {unknown}
Comestibles
 c - 4 rations {!d}


   Skills:
 + Level 4.4 Fighting
 + Level 4.1 Axes
 + Level 2.4 Armour
 + Level 1.3 Dodging


You had 4 spell levels left.
You didn't know any spells.
Your spell library was empty.

Dungeon Overview and Level Annotations

Branches:
Dungeon (3/12)

Altars:


Innate Abilities, Weirdness & Mutations

You are partially covered in rugged brown scales. (AC +1, +3% HP)
You are partially covered in sharp spines.


Message History

You swap places.
A quokka comes into view.
Something hits your quasit but does no damage.
Something hits your quasit but does no damage.
You swap places.
You feel sick.
You miss something.
A sky beast appears from thin air!
Reactivating autopickup.
The sky beast hits you.
* * * LOW HITPOINT WARNING * * *
The sky beast shocks you.
* * * LOW HITPOINT WARNING * * *
Your iron imp closely misses the sky beast.
The sky beast flickers out of sight!
Deactivating autopickup; reactivate with Ctrl-A.
Something hits you but does no damage.
You swap places.
Something closely misses your quasit.
Something completely misses your iron imp.
You see here a ration {!d}.
You die...
Xom laughs nastily!

##. #...######
###...##...###..#
####......<.#.......
.............#
.............#
....#....##.†#
..#......##..####
......r.%@......#
..##.##55..........
.......{#.##.##.#.#
...............%# .
.#####.##!##.#..# #.
#.# .#..# #. #.. ..
.# .. .... # .. ####


You could see a quokka, a friendly iron imp and a friendly quasit.

Vanquished Creatures
  A boggart (D:1)
  Terence (D:2)
  An adder (D:3)
  3 worms
  A dart slug (D:1)
  2 leopard geckos
  A giant cockroach (D:1)
  5 goblins
  7 hobgoblins
  3 jackals (D:1)
  5 kobolds
  A quokka (D:1)
  2 bats
  A frilled lizard (D:2)
  5 rats
39 creatures vanquished.

Vanquished Creatures (collateral kills)
  An adder (D:3)
1 creature vanquished.

Grand Total: 40 creatures vanquished

Notes
Turn   | Place    | Note
-------+----------+-------------------------------------------
     0 | D:1      | Ebbett the Demonspawn Chaos Knight began the quest for the
                  | Orb.
     0 | D:1      | Reached XP level 1. HP: 18/18 MP: 1/1
   101 | D:1      | XOM: harmless Erth miscast
   160 | D:1      | Gained mutation: You are partially covered in sharp spines.
                  | [demonic ancestry]
   160 | D:1      | Reached XP level 2. HP: 18/24 MP: 2/2
   185 | D:1      | XOM: cloud trail
   486 | D:1      | Gained mutation: You are partially covered in rugged brown
                  | scales. (AC +1, +3% HP) [demonic ancestry]
   486 | D:1      | Reached XP level 3. HP: 20/29 MP: 3/3
   545 | D:1      | Noticed a boggart
   545 | D:1      | a hobgoblin changed into a boggart
   556 | D:1      | Killed a boggart
   556 | D:1      | Reached skill level 1 in Dodging
   556 | D:1      | Reached XP level 4. HP: 27/38 MP: 4/4
   577 | D:1      | XOM: divination: magic mapping
   653 | D:2      | XOM: noise
   727 | D:2      | Noticed Terence
   736 | D:2      | XOM: butterfly on damage
   738 | D:2      | Killed Terence
   738 | D:2      | Reached XP level 5. HP: 4/43 MP: 5/5
   741 | D:2      | HP: 2/43 [poisoned by Terence]
  1059 | D:2      | XOM: cloud trail
  1657 | D:3      | Noticed a sky beast
  1660 | D:3      | XOM: noise
  1663 | D:3      | XOM: summons 2 friendly demons
  1674 | D:3      | HP: 1/44 [sky beast (5)]
  1677 | D:3      | Succumbed to an adder's poison

Skill      XL: |  1  2  3  4 |
---------------+-------------+-----
Axes           | 3 4 |  4.1
Armour         | 2 |  2.4
Fighting       | 4 |  4.4
Dodging        | 1 |  1.3

Action                   |  1- 3 |  4- 6 || total
-------------------------+-------+-------++-------
Melee: Hand axe          |    70 |    47 ||   117
  Use: Potion            |       |     2 ||     2
  Eat: Chunk             |       |     2 ||     2
Armor: Leather armour    |    17 |    10 ||    27
Dodge: Dodged            |    36 |    26 ||    62
